Azazza, lawful male human Samurai --- -----.-- ---- --......--- ---- |..--- --- |.........-- --..| --....| ----.| --.........| |...---- |.....--- --....| |...|.<...- --......| -......----- ---- --.....| |..----....| --.......-- |..........| --..| --- |.....-- ----|..-- ---.----.........-- --.--....|.--|...---.-----....-- --...|...| -----...........| ---|..--|...|....|.....|....-- |.....-..----- --.%.....--...---------- ------.| ---............|-...| |..........|.---..%....%..%.).........---..%-|.-- |.............||.--- ----....--...^..........--..--..-----.....|..|.^--|.............-|.| --- |....||....---......--------...| |...-----....||.......>.@....|.| --.---....|---..----.....- ----- --..| ---...--|.......---......|--- |...|.....---|...| --.....| --.| |...^.| |........--......--.-- |............|-%.| |.....| --.---.....----.......|...........-- ----...^....-|...- |...--- |...........| --...--..|...........| ---.....----...| |..-- --..........| ----- ----..........| |.....| |..-- |... |.........-- |....----..| --.|.-- ---- |..-- ---..|.|.-- ---..| --- ----- ---- -------- ---- Azazza the Ronin Experience level: 5 Strength: 17 Dexterity: 17 Constitution: 18 Intelligence: 9 Wisdom: 9 Charisma: 6 Health: 48(48) Energy: 19(19) Def: 6 Gold: 263 Moves: 1706 Dungeon seed: LAx3P_mJjIbAycXb Game ID: Azazza_1525941929 Your Inventory: Coins $ - 263 gold pieces Weapons a - a +0 katana (weapon in hand) b - a +0 wakizashi (alternate weapon; not wielded) c - a blessed +0 yumi d - 27 +0 ya (in quiver) F - 6 +0 daggers K - a +0 aklys L - 7 +0 arrows Q - 11 +0 crossbow bolts Armor e - an uncursed rustproof +0 splint mail (being worn) n - an uncursed +0 dwarvish cloak q - an uncursed +0 pair of iron shoes Comestibles s - an uncursed cream pie x - 2 uncursed oranges D - 2 uncursed gunyoki Scrolls l - an uncursed scroll of enchant armor p - an uncursed scroll of teleportation Potions h - a cursed potion of healing j - a potion of unholy water v - an uncursed potion of speed E - an uncursed potion of extra healing J - an uncursed potion of object detection Tools m - an uncursed brass lantern (0:1310) t - a can of grease (0:14) H - 6 uncursed tallow candles (0:200) I - an uncursed oil lamp (0:1022) Gems r - an uncursed worthless piece of orange glass y - 3 uncursed worthless pieces of violet glass Spells and supernatural/magical abilities: Name Level Category Fail Memory W - pray for help -- divine ? -- Your skills at the end: Fighting Skills martial arts [Basic] Weapon Skills short sword [Basic] long sword [Basic] bow [Basic] Spellcasting Skills Final Attributes: You were piously aligned. You were fast. You are dead. Vanquished creatures: 2 gnome kings a gnome lord a dwarf a rothe a dwarf zombie an iguana a large kobold a giant rat a yellow mold a red mold 7 gnomes a gnome zombie 3 jackals a fox a kobold 2 goblins a grid bug 2 bats 4 lichens 2 kobold zombies a newt 36 creatures vanquished. Voluntary challenges: You used a wielded weapon 46 times, starting on turn 3. You were illiterate. You never genocided any monsters. You never polymorphed an object. You never changed form. You used no wishes. You never split a pudding. You never wrote Elbereth's name. You never violated your personal moral code. Dungeon overview: The Dungeons of Doom: levels 1 to 3 Level 1 some fountains a long staircase Level 2 a fountain Level 3 a fountain stairs to The Gnomish Mines The Gnomish Mines: Level 4 <- You were here stairs to The Dungeons of Doom History has recorded: On T:1 you entered the Dungeons of Doom to retrieve the Amulet of Yendor! On T:528 you reached level 2 of The Dungeons of Doom. On T:723 you advanced to experience level 2. On T:895 you reached level 3 of The Dungeons of Doom. On T:896 you advanced to experience level 3. On T:1346 you reached level 1 of The Gnomish Mines. On T:1366 you advanced to experience level 4. On T:1462 you advanced to experience level 5. Score breakdown: Gold: 263 ( 8237 points) Experience: 5 levels (11141 points) Exploration: 4 levels ( 8.51%) ( 7661 points) Discoveries: 1 item ( 0.41%) ( 1912 points) Valuables value: (no points given unless you survive) Artifact value: 0 ( 0 points) Variety of kills: 21 monsters ( 5.51%) ( 7043 points) Turncount: 1706 turns ( 0 points) Survival: died (score multiplied by 80%) Total score: 28795 Latest messages: You are caught in a bear trap. You fall into a pit! You are still in a pit. You hit the iguana. You miss the iguana. The iguana bites! You miss the iguana. You kill the iguana! You are still in a pit. You crawl to the edge of the pit. You are beginning to feel hungry. You destroy the gnome zombie! You see here a gnome corpse. S - a gnome corpse. You rebalance your load. Movement is difficult. Ulch! That meat was tainted! You feel deathly sick. Your movements are only slowed slightly by your load. You die from your illness. Final status: Sayonara Azazza the Samurai, poisoned by a rotted gnome corpse... You were poisoned in The Gnomish Mines on dungeon level 4 with 28795 points, and 263 pieces of gold, after 1706 moves. You were level 5 with a maximum of 48 hit points when you were poisoned.